AoeStats
← La piraña de aguas profundas

Arabian Desert

508763948Analyzed
1v1 RM · 24d ago on Sep 24, 2026· 34m 2s· 2 players
Game mode
Random Map
Map size
Tiny (2 player)
Population
200
Speed
Normal
Resources
Standard
Victory
Conquest
Starting age
Dark Age
Ending age
Imperial Age
RankedLock teamsTeams togetherTeam positionsShared explorationLock speedFull tech treeHidden civsTurbo modeCheats
Victory
Defeat
1554
+13
vs
🇦🇷 Varangians · Argentina
1481
-13
Toto_IV
7:00 Loom
9:20 Feudal Age
9:39 Man-at-Arms
13:44 Double-Bit Axe
13:39 Horse Collar
18:04 Fletching
19:38 Padded Archer Armor
23:19 Castle Age
22:37 Gold Mining
23:22 Crossbowman
24:00 Bodkin Arrow
25:39 Leather Archer Armor
28:25 Scale Barding Armor
29:22 Bloodlines
29:13 Husbandry
29:53 Forging
30:49 Chain Barding Armor
La piraña de aguas profundas
7:06 Loom
9:48 Feudal Age
9:51 Man-at-Arms
14:49 Fletching
17:50 Double-Bit Axe
19:05 Padded Archer Armor
24:21 Castle Age
23:19 Scale Mail Armor
23:27 Horse Collar
23:40 Gold Mining
25:46 Leather Archer Armor
25:11 Elite Skirmisher
26:17 Squires
26:55 Chain Mail Armor
26:40 Bodkin Arrow
28:31 Forging
29:32 Arson
31:30 Town Watch
33:32 Chain Mail Armor
Connection lost

Rejoining the realm…

Still unreachable

The connection could not be restored.

Session expired

The server has moved on; the page needs a fresh start.